 Dungeon Crawl Stone Soup version 0.31-a0-625-gc9c7e45f3f (webtiles) character file.

Game seed: 146121419655689064

455 Descartes the Trooper (level 7, -4/54 HPs)
             Began as a Vine Stalker Chaos Knight on Aug 24, 2023.
             Was a Plaything of Xom.
             Slain by a naga (10 damage)
             ... on level 5 of the Dungeon.
             The game lasted 00:04:08 (3161 turns).

Descartes the Trooper (Vine Stalker Chaos Knight)   Turns: 3161, Time: 00:04:10

Health: -4/54      AC: 23    Str: 16    XL:     7   Next: 5%
Magic:  0/11       EV: -1    Int: 12    God:    Xom [*.....]
Gold:   176        SH:  6    Dex: 14    Spells: 10/10 levels left

rFire   + . .        a - +0 hand axe (chaos)
rCold   . . .        e - +2 buckler {rF+}
rNeg    . . .        b - melded +2 leather armour
rPois   +            i - melded +0 hat
rElec   .            (cloak currently unavailable)
rCorr   .            (gloves currently unavailable)
SInv    .            (boots currently unavailable)
Will    .....        (no amulet)
Stlth   +            (no ring)
HPRegen 1.09/turn    (no ring)
MPRegen 0.12/turn

%: guardian spirit
@: brilliant, tree-form, constricted
A: stationary, stasis, torment immunity, boosted hp, (fangs 2), regeneration 1,
magic shield, (antimagic bite), no potion heal 2, (poison resistance), subdued
magic 1
a: Renounce Religion


You were on level 5 of the Dungeon.
You worshipped Xom.
You were a special plaything of Xom.
You were a tree.
You visited 1 branch of the dungeon, and saw 5 of its levels.

You collected 176 gold pieces.

Inventory:

Hand Weapons
 a - a +0 hand axe of chaos (weapon)
Armour
 b - a +2 leather armour (melded)
 e - a +2 buckler of fire resistance (worn)
 i - a +0 hat (melded)
Scrolls
 c - 2 scrolls of butterflies
 d - a scroll of immolation {unknown}
 f - 5 scrolls of identify {unknown}
 g - a scroll of enchant armour {unknown}
 j - 2 scrolls of poison {unknown}
 n - a scroll of fear {unknown}
 p - a scroll of silence {unknown}
 q - a scroll of revelation {unknown}
 s - a scroll of blinking {unknown}
Potions
 h - 3 potions of lignification
 m - a potion of heal wounds {unknown}
 o - a potion of enlightenment {unknown}
 r - a potion of might {unknown}


   Skills:
 + Level 3.6 Fighting
 + Level 3.6 Axes
 + Level 2.6 Armour
 + Level 2.2 Dodging
 + Level 2.0 Shields
 + Level 2.2 Spellcasting
 + Level 2.1 Evocations


You had 10 spell levels left.
You didn't know any spells.
Your spell library contained the following spells:

 Spells                   Type           Power      Damage    Failure   Level
 Lesser Beckoning         Tloc           2%         N/A       43%         2
 Gell's Gravitas          Tloc           1%         N/A       67%         3
 Hailstorm                Conj/Ice       1%         3d3       67%         3
 Teleport Other           Tloc           1%         N/A       67%         3
 Summon Ice Beast         Ice/Summ       1%         N/A       97%         4
 Simulacrum               Ice/Necr       0%         N/A       100%        6


Dungeon Overview and Level Annotations

Branches:
Dungeon (5/15)
 Temple: D:4-7

Altars:
Cheibriados
Elyvilon
Trog
Xom


Innate Abilities, Weirdness & Mutations

You are a tree.
Your roots penetrate the ground, keeping you stationary.
You cannot be teleported.
You are immune to unholy pain and torment.
Your maximum health is greatly increased.
Your equipment is partially melded.
((You have extremely sharp teeth.))
Your natural rate of healing is unusually fast.
When hurt, damage is shared between your health and your magic reserves.
((Your bite disrupts and absorbs the magic of your enemies.))
Potions cannot restore your health.
((Your system is resistant to poisons. (rPois)))
Your spells are a little easier to cast, but a little less powerful.


Message History

Unknown command.
You hit the naga.
The naga is lightly wounded.
You barely miss the crimson imp. You closely miss the iron imp.
The crimson imp hits you but does no damage.
The iron imp hits you but does no damage.
The naga hits you but does no damage. The naga constricts you.
Unknown command.
You barely miss the naga.
The naga is lightly wounded.
You miss the crimson imp. You hit the iron imp but do no damage.
The crimson imp hits you but does no damage.
The naga hits you but does no damage. The naga constricts you.
The iron imp hits you!
Unknown command.
You barely miss the naga.
The naga is lightly wounded.
You hit the iron imp. You hit the crimson imp. The crimson imp hits you.
* * * LOW HITPOINT WARNING * * *
The naga hits you.
* * * LOW HITPOINT WARNING * * *
The naga constricts you.
* * * LOW HITPOINT WARNING * * *
The iron imp hits you but does no damage.
It was a potion of brilliance.
You feel clever all of a sudden.
The crimson imp hits you but does no damage.
The naga spits poison at you. You block the splash of poison.
The naga constricts you.
* * * LOW HITPOINT WARNING * * *
Unknown command.
You hit the naga but do no damage.
The naga is lightly wounded.
You hit the iron imp. You hit the crimson imp. You freeze the crimson imp.
The crimson imp hits you but does no damage.
The iron imp hits you.
* * * LOW HITPOINT WARNING * * *
The naga hits you!
You die...
Xom giggles madly!

##...## #..## #..
#.....# #...## #..
#.....## #....###..
#...#...# #......#..
#...###..## #.........
..... ##..## #.........
...... #...## #.........
.#####..###...##
#>..#....#
#..A#...N♣5...#
#...##...#
..#_.)5.._...##...##...#
..#..####......... ...##
###. #######. ...# ... .
.. .


You could see an angel (confused), a naga (catching breath), an iron imp
(summoned) and a crimson imp (summoned).

Vanquished Creatures
  A black bear (D:4)
  An ogre (D:4)
  A jelly (D:4)
  Jessica (D:3)
  Natasha (twice) (D:3)
  An iguana (D:4)
  An orc wizard (D:4)
  A gnoll (D:1)
  6 adders
  A worm (D:3)
  A dart slug (D:3)
  4 orcs
  5 ball pythons
  5 bats
  4 endoplasms
  5 giant cockroaches
  7 goblins
  4 hobgoblins
  3 quokkas
  4 frilled lizards
  2 kobolds
  4 rats
64 creatures vanquished.

Notes
Turn   | Place    | Note
-------+----------+-------------------------------------------
     0 | D:1      | Descartes the Vine Stalker Chaos Knight began the quest for
                  | the Orb.
     0 | D:1      | Reached XP level 1. HP: 11/11 MP: 2/2
   101 | D:1      | XOM: silly message
   104 | D:1      | Reached XP level 2. HP: 16/16 MP: 3/3
   175 | D:1      | Reached skill level 1 in Dodging
   228 | D:1      | Reached XP level 3. HP: 19/19 MP: 4/4
   560 | D:1      | XOM: noise
   670 | D:1      | XOM: noise
   706 | D:1      | XOM: give mutations
   706 | D:1      | Gained mutation: You are frail. (-10% HP) [Xom's mischief]
   706 | D:1      | Lost mutation: You are frail. (-10% HP) [Xom's mischief]
   914 | D:2      | XOM: give mutations
   914 | D:2      | Gained mutation: Your system is resistant to poisons.
                  | (rPois) [Xom's mischief]
   914 | D:2      | Gained mutation: Your spells are a little easier to cast,
                  | but a little less powerful. [Xom's mischief]
   981 | D:2      | XOM: scenery: create altars
  1081 | D:2      | Found a bloodstained altar of Trog.
  1260 | D:2      | XOM is BORED!
  1420 | D:3      | Noticed Natasha
  1427 | D:3      | Killed Natasha
  1428 | D:3      | Reached skill level 1 in Spellcasting
  1428 | D:3      | Reached skill level 1 in Evocations
  1428 | D:3      | Gained mutation: Your natural rate of healing is unusually
                  | fast. [Vine Stalker growth]
  1428 | D:3      | Reached XP level 4. HP: 24/24 MP: 6/6
  1673 | D:3      | Noticed Jessica
  1679 | D:3      | Killed Jessica
  1704 | D:3      | Found a white marble altar of Elyvilon.
  1721 | D:3      | Noticed Natasha
  1728 | D:3      | Killed Natasha
  1729 | D:3      | Reached skill level 1 in Shields
  1729 | D:3      | Reached XP level 5. HP: 21/28 MP: 4/8
  1993 | D:3      | XOM: god gift: scroll labelled JURPHA AR ROSKY {god gift}
  2213 | D:3      | XOM: cloud trail
  2321 | D:4      | Noticed an ogre
  2322 | D:4      | XOM: butterfly on damage
  2342 | D:4      | XOM: butterfly on damage
  2344 | D:4      | Killed an ogre
  2345 | D:4      | Reached XP level 6. HP: 17/32 MP: 2/9
  2354 | D:4      | XOM: 1-stop teleportation journey
  2871 | D:4      | Found a snail-covered altar of Cheibriados.
  2957 | D:4      | Noticed a black bear
  2960 | D:4      | XOM: noise
  2970 | D:4      | Killed a black bear
  2971 | D:4      | Reached XP level 7. HP: 31/36 MP: 8/11
  3069 | D:5      | Entered Level 5 of the Dungeon
  3133 | D:5      | an ogre changed into a basilisk
  3133 | D:5      | Noticed a basilisk
  3133 | D:5      | XOM: polymorph ogre -> basilisk
  3134 | D:5      | Found a shimmering altar of Xom.
  3135 | D:5      | Noticed an angel
  3136 | D:5      | XOM: scenery: create altars
  3138 | D:5      | XOM: summons 2 hostile demons
  3151 | D:5      | a basilisk changed into a naga
  3151 | D:5      | Noticed a naga
  3151 | D:5      | XOM: polymorph basilisk -> naga
  3161 | D:5      | Slain by a naga

Illustrated notes

Levels and vault maps discovered:
D:1:      psy_arrival_conway, layout_basic
D:2:      layout_basic, basic_altar
D:3:      minmay_diamond_boxcup, layout_loops_ring, lemuel_doored_altar,
          minmay_misc_feat_rugged, uniq_jessica, uniq_natasha
D:4:      layout_loops_cross, lemuel_round_altar, nrook_uturn
D:5:      layout_layer_cave, grunt_temple_overflow_order_and_chaos_1,
          led_sif_book, ebering_ghost_rock_garden, uniq_edmund,
          uniq_crazy_yiuf_cottage

Skill      XL: |  1  2  3  4  5  6 |
---------------+-------------------+-----
Dodging        | 1 2 |  2.2
Axes           | 3 |  3.6
Fighting       | 3 |  3.6
Spellcasting   | 1 2 |  2.2
Evocations     | 1 2 |  2.1
Armour         | 2 |  2.6
Shields        | 1 2 |  2.0

Action                     |  1- 3 |  4- 6 |  7- 9 || total
---------------------------+-------+-------+-------++-------
  Melee: Hand axe          |    69 |   115 |     9 ||   193
         Bite              |    13 |    40 |     1 ||    54
    Use: Potion            |       |       |     3 ||     3
   Stab: Paralysed         |     1 |       |       ||     1
         Sleeping          |       |     1 |       ||     1
 Armour: Leather armour    |    21 |    28 |     2 ||    51
         Skin              |       |       |    26 ||    26
  Dodge: Dodged            |    42 |    77 |     5 ||   124
  Block: Buckler           |    12 |    31 |     6 ||    49

Table legend: (Time is in decaauts)
 A = Elapsed time spent in this place.
 B = Non-inter-level travel time spent in this place.
 C = Inter-level travel time spent in this place.
 D = Time resting spent in this place.
 E = Time spent auto-exploring this place.
 F = Levels seen in this place.
 G = Mean time per level.
                   A        B        C        D        E       F      G
               +--------+--------+--------+--------+--------+-----+--------+
         Total |   3200 |   3136 |     64 |      0 |   2607 |   5 |  640.0 |
       Dungeon |   3200 |   3136 |     64 |      0 |   2607 |   5 |  640.0 |
               +--------+--------+--------+--------+--------+-----+--------+

Top non-repeatable levels by time:
     D:3: 892 daAuts
     D:4: 827 daAuts
     D:1: 801 daAuts
     D:2: 583 daAuts
     D:5: 94 daAuts
